Map: Terraform LE (Void)

Players

BIGBOY (Patience)

  • Race: Protoss Protoss
  • League: Gold

Bones - Winner!

  • Race: Protoss Protoss
  • League: Master

Event: ASL Season 5 Prime League LOTV Beta

VOD

Have the link to the VOD?

Description

Time

  • Played on: Sept. 3, 2015, 10:15 p.m.
  • Length: 28:28

All games in this series

Show
View Real Time Build Order
Export as new Build Order

BIGBOY Protoss 

Build Orders: Oracle Opening 

Get SALT Encoding   

  12  0:00  Probe (Chrono Boost)  
  13  0:11  Probe (Chrono Boost)  
  14  0:18  Pylon  
  14  0:21  Probe (Chrono Boost)  
  15  0:36  Probe (Chrono Boost)  
  15  0:41  Gateway  
  16  0:46  Probe (Chrono Boost)  
  17  0:51  Assimilator  
  17  0:54  Assimilator  
  17  0:56  Probe (Chrono Boost)  
  18  1:00  Pylon  
  18  1:06  Probe (Chrono Boost)  
  19  1:16  Probe (Chrono Boost)  
  20  1:27  Probe (Chrono Boost)  
  20  1:30  Cybernetics Core  
  21  1:37  Probe (Chrono Boost)  
  24  1:47  Probe (Chrono Boost)  
  25  1:58  Probe (Chrono Boost)  
  24  2:03  Warp Gate (Chrono Boost)  
  24  2:08  Mothership Core (Chrono Boost)  
  28  2:09  Stalker (Chrono Boost)  
  28  2:11  Pylon  
  28  2:28  Probe  
  29  2:34  Stargate  
  29  2:40  Probe  
  30  2:44  Stalker (Chrono Boost)  
  32  2:52  Nexus  
  32  3:00  Gateway  
  32  3:09  Gateway  
  34  3:21  Oracle (Chrono Boost)  
  35  3:27  Stalker  
  37  3:39  Pylon  
  37  3:53  Probe  
  38  3:57  Oracle (Chrono Boost)  
  38  4:00  Twilight Council  
  41  4:05  Probe  
  41  4:09  Probe  
  38  4:17  Probe (Chrono Boost)  
  38  4:20  Probe (Chrono Boost)  
  40  4:28  Probe (Chrono Boost)  
  40  4:31  Probe (Chrono Boost)  
  39  4:33  Blink (Chrono Boost)  
  39  4:38  Probe (Chrono Boost)  
  40  4:40  Probe (Chrono Boost)  
  41  4:47  Pylon  
  41  4:49  Probe x2  
  43  4:59  Probe  
  38  5:01  Probe  
  38  5:05  Stalker x2  
  38  5:06  Stalker  
  46  5:09  Probe  
  46  5:13  Probe  
  48  5:19  Probe  
  48  5:25  Probe  
  50  5:29  Stalker x2, Probe, Pylon  
  50  5:34  Stalker  
  57  5:37  Probe  
  57  5:40  Probe  
  59  5:45  Pylon  
  59  5:54  Stalker x2  
  63  5:58  Stalker  
  63  6:01  Probe  
  63  6:03  Probe  
  67  6:09  Pylon  
  67  6:15  Assimilator  
  67  6:17  Probe  
  67  6:18  Stalker, Probe, Assimilator  
  68  6:23  Forge  
  71  6:28  Probe  
  71  6:29  Probe  
  73  6:38  Probe  
  73  6:41  Probe  
  69  6:48  Probe  
  69  6:52  Protoss Ground Weapons Level 1 (Chrono Boost)  
  69  6:53  Probe  
  69  6:59  Stalker x3, Probe (Chrono Boost)  
  76  7:05  Probe (Chrono Boost)  
  76  7:08  Robotics Facility  
  77  7:11  Probe, Pylon  
  78  7:16  Probe  
  79  7:23  Probe  
  80  7:31  Nexus  
  80  7:35  Pylon  
  80  7:36  Pylon  
  80  7:37  Sentry  
  80  7:39  Sentry  
  80  7:40  Sentry  
  86  7:51  Gateway  
  86  7:53  Gateway  
  86  7:55  Gateway  
  86  7:58  Pylon  
  90  8:13  Gateway  
  90  8:15  Probe, Robotics Bay, Gateway  
  90  8:16  Observer (Chrono Boost)  
  90  8:18  Photon Cannon  
  85  8:22  Pylon x2  
  81  8:34  Shield Upgrade  
  81  8:39  Observer (Chrono Boost)  
  78  8:51  Photon Cannon  
  78  8:58  Adept x2  
  78  8:59  Adept  
  78  9:02  Probe  
  83  9:03  Probe  
  83  9:04  Probe  
  86  9:12  Probe  
  86  9:16  Probe  
  88  9:18  Adept  
  88  9:19  Protoss Ground Weapons Level 2 (Chrono Boost)  
  88  9:20  Disruptor (Chrono Boost)  
  90  9:24  Photon Cannon  
  90  9:30  Probe x2  
  92  9:34  Pylon  
  92  9:53  Adept  
  92  9:54  Adept x2  
  92  9:57  Disruptor (Chrono Boost)  
  101  10:04  Probe  
  101  10:05  Probe x2  
  104  10:07  Assimilator  
  104  10:10  Assimilator  
  104  10:11  Pylon  
  104  10:13  Pylon  
  104  10:15  Robotics Facility  
  104  10:26  Disruptor (Chrono Boost)  
  107  10:28  Photon Cannon  
  107  10:43  Adept x3  
  107  10:44  Adept x3  
  119  10:53  Probe  
  119  10:54  Probe  
  119  10:55  Probe, Pylon  
  122  10:57  Disruptor (Chrono Boost), Pylon  
  122  11:02  Disruptor (Chrono Boost)  
  128  11:15  Photon Cannon  
  128  11:27  Warp Prism  
  128  11:30  Templar Archives  
  128  11:31  Charge  
  128  11:32  Protoss Ground Weapons Level 3 (Chrono Boost)  
  128  11:34  Nexus, Pylon  
  130  11:48  Adept x6  
  130  11:49  Adept  
  144  11:57  Adept  
  142  12:19  Adept x4  
  142  12:20  Adept x2  
  142  12:22  Adept x2  
  155  12:31  Immortal x2  
  160  13:04  Immortal  
  160  13:05  High Templar  
  160  13:06  High Templar x3  
  160  13:11  Pylon  
  172  13:14  Pylon  
  172  13:15  Pylon  
  172  13:17  Pylon, Archon x2  
  172  13:18  Pylon  
  171  13:22  Immortal  
  171  13:26  Pylon x2  
  171  13:30  Dark Shrine  
  175  13:37  Immortal  
  175  13:38  Nexus  
  175  13:40  Pylon  
  175  13:43  Observer Gravitic Boosters  
  175  13:45  Photon Cannon  
  175  13:48  Photon Cannon  
  179  13:51  Adept  
  181  13:58  Immortal  
  181  14:00  Protoss Ground Armor Level 1 (Chrono Boost)  
  185  14:19  Photon Cannon  
  175  14:41  Disruptor  
  175  14:42  Disruptor  
  169  14:52  Adept x2  
  170  14:53  Adept x6  
  176  15:11  Disruptor x2  
  176  15:19  Photon Cannon  
  176  15:20  Dark Templar x2  
  176  15:21  Photon Cannon x2  
  184  15:24  Photon Cannon  
  184  15:37  Probe  
  184  15:38  Pylon, Assimilator  
  184  15:39  Probe x3  
  188  15:43  Assimilator  
  188  15:45  Dark Templar  
  188  15:48  Dark Templar  
  192  15:55  Observer x2  
  180  16:02  Protoss Shields Level 1 (Chrono Boost)  
  178  16:12  Mothership Core (Chrono Boost)  
  176  16:47  Pylon  
  176  16:53  Disruptor (Chrono Boost)  
  161  16:54  Disruptor (Chrono Boost)  
  165  17:07  Dark Templar, Nexus  
  167  17:08  Dark Templar  
  167  17:10  Zealot x6  
  181  17:24  Disruptor (Chrono Boost)  
  181  17:25  Disruptor (Chrono Boost)  
  185  17:37  Protoss Shields Level 2  
  182  17:53  Archon  
  182  17:57  Disruptor x2 (Chrono Boost)  
  186  18:27  Disruptor (Chrono Boost), Warp Prism (Chrono Boost)  
  180  18:33  Adept x3  
  180  18:34  Adept x5  
  108  18:56  Disruptor (Chrono Boost)  
  108  18:57  Disruptor (Chrono Boost)  
  102  19:03  Adept x3  
  102  19:04  Adept x5  
  116  19:25  Dark Templar  
  116  19:26  Dark Templar x2  
  116  19:30  Archon  
  122  19:31  Adept  
  122  19:32  Adept x3, Archon  
  126  19:42  Adept  
  96  19:55  Adept x3  
  96  19:56  Adept  
  96  19:59  Adept x3  
  110  20:03  Adept  
  110  20:04  Immortal x2 (Chrono Boost)  
  99  20:18  Adept x6  
  99  20:20  Adept  
  82  20:30  Adept  
  84  20:37  Dark Templar, Adept  
  84  20:39  Adept x2  
  92  20:44  Adept x2  
  92  20:46  Adept  
  96  20:50  Adept  
  96  20:56  Adept  
  100  21:02  Adept x2  
  104  21:10  Nexus  
  104  21:19  Immortal x2 (Chrono Boost)  
  112  21:44  Pylon  
  110  22:01  Immortal x2 (Chrono Boost)  
  112  22:21  Dark Templar  
  112  22:22  Dark Templar x3  
  119  22:25  Archon x2  
  119  22:26  Adept  
  119  22:27  Adept x2  
  125  22:33  Adept  
  117  22:51  Adept  
  117  22:52  Adept x3  
  117  22:55  Adept x2  
  117  22:56  Adept x3  
  127  23:02  Pylon  
  131  23:22  Adept  
  131  23:23  Adept x2  
  137  23:32  Disruptor (Chrono Boost)  
  134  23:38  Adept x4  
  134  23:39  Adept  
  126  23:47  Adept  
  96  23:59  Observer (Chrono Boost)  
  82  24:16  Adept  
  82  24:17  Adept x3  
  65  24:45  Dark Templar  
  63  25:05  Nexus  
  63  25:16  Adept x4  
  70  25:37  Stalker x3  
  71  25:55  Adept x2  
  75  26:00  Adept  
  77  26:19  Adept x2  
  77  26:20  Adept  
  80  26:40  Adept x2  
  84  27:11  High Templar x2  
  88  27:21  Archon  
  88  27:30  Adept x2  
  88  27:31  Adept x3  
  98  27:44  Adept x3  
  98  27:50  Adept  
Show
View Real Time Build Order
Export as new Build Order

Bones Protoss - Winner!

Build Orders: Oracle Opening 

Get SALT Encoding   

  12  0:02  Probe (Chrono Boost)  
  13  0:12  Probe (Chrono Boost)  
  14  0:19  Pylon  
  14  0:22  Probe (Chrono Boost)  
  15  0:37  Probe (Chrono Boost)  
  15  0:38  Gateway  
  16  0:47  Probe (Chrono Boost)  
  16  0:49  Assimilator  
  17  0:53  Assimilator  
  17  0:57  Probe (Chrono Boost)  
  18  1:06  Pylon  
  18  1:07  Probe (Chrono Boost)  
  19  1:17  Probe (Chrono Boost)  
  20  1:27  Cybernetics Core, Probe (Chrono Boost)  
  21  1:38  Probe (Chrono Boost)  
  22  1:48  Probe (Chrono Boost)  
  23  1:59  Probe (Chrono Boost)  
  24  2:03  Adept (Chrono Boost)  
  24  2:06  Warp Gate  
  26  2:10  Mothership Core  
  28  2:23  Stargate  
  28  2:30  Adept (Chrono Boost)  
  28  2:31  Probe  
  28  2:37  Pylon  
  31  2:54  Adept (Chrono Boost)  
  31  2:55  Probe  
  34  3:03  Pylon  
  34  3:06  Oracle (Chrono Boost)  
  37  3:18  Adept  
  39  3:26  Nexus  
  38  3:31  Probe  
  39  3:38  Pylon  
  39  3:51  Robotics Facility  
  39  3:53  Gateway  
  39  3:57  Probe (Chrono Boost)  
  40  4:07  Probe (Chrono Boost)  
  43  4:21  Probe (Chrono Boost)  
  44  4:27  Pylon  
  43  4:32  Probe (Chrono Boost)  
  43  4:38  Observer  
  43  4:41  Probe (Chrono Boost)  
  43  4:42  Probe (Chrono Boost), Forge  
  45  4:48  Stalker  
  45  4:49  Stalker  
  45  4:51  Probe (Chrono Boost)  
  43  5:03  Probe x2 (Chrono Boost)  
  44  5:11  Immortal  
  44  5:13  Sentry  
  50  5:19  Probe (Chrono Boost)  
  50  5:20  Probe (Chrono Boost)  
  49  5:29  Probe (Chrono Boost)  
  49  5:30  Probe (Chrono Boost)  
  49  5:33  Protoss Ground Weapons Level 1  
  51  5:39  Probe (Chrono Boost)  
  51  5:40  Probe (Chrono Boost)  
  53  5:45  Twilight Council  
  53  6:01  Immortal, Probe x2 (Chrono Boost)  
  59  6:06  Photon Cannon  
  59  6:12  Probe x2 (Chrono Boost)  
  61  6:18  Adept x2  
  61  6:25  Dark Shrine  
  65  6:26  Probe (Chrono Boost)  
  65  6:27  Probe (Chrono Boost)  
  62  6:40  Probe x2 (Chrono Boost)  
  62  6:50  Mothership Core (Chrono Boost)  
  62  6:52  Probe (Chrono Boost)  
  65  7:01  Photon Cannon  
  64  7:02  Probe (Chrono Boost)  
  64  7:08  Probe (Chrono Boost), Assimilator  
  66  7:10  Assimilator  
  66  7:12  Probe (Chrono Boost)  
  67  7:18  Probe (Chrono Boost)  
  67  7:19  Gateway  
  67  7:20  Gateway  
  68  7:23  Probe (Chrono Boost)  
  68  7:28  Probe (Chrono Boost)  
  68  7:33  Probe (Chrono Boost)  
  69  7:38  Probe (Chrono Boost), Dark Templar x2  
  69  7:43  Probe (Chrono Boost)  
  75  7:48  Probe (Chrono Boost)  
  76  7:53  Probe (Chrono Boost)  
  76  7:57  Pylon, Protoss Ground Weapons Level 2 (Chrono Boost)  
  77  7:58  Probe (Chrono Boost)  
  78  8:10  Pylon x2  
  78  8:15  Probe x2 (Chrono Boost)  
  80  8:25  Probe (Chrono Boost)  
  81  8:40  Immortal  
  83  8:42  Adept x4, Shield Upgrade  
  87  8:52  Probe x2 (Chrono Boost)  
  89  9:06  Probe x2 (Chrono Boost)  
  89  9:08  Adept  
  89  9:09  Adept x3  
  99  9:15  Pylon  
  99  9:22  Immortal  
  97  9:30  Probe (Chrono Boost)  
  102  9:33  Probe (Chrono Boost)  
  102  9:34  Nexus  
  102  9:36  Photon Cannon  
  103  9:38  Pylon  
  103  9:41  Pylon  
  103  9:43  Templar Archives  
  103  9:51  Pylon  
  102  9:57  Nexus  
  102  9:58  Warp Prism  
  102  10:00  Photon Cannon  
  102  10:02  Gateway  
  102  10:05  Gateway  
  104  10:09  Probe  
  105  10:19  Pylon  
  105  10:24  High Templar x2  
  105  10:25  High Templar x2  
  105  10:26  Pylon  
  113  10:29  Archon x2  
  113  10:47  Warp Prism  
  103  10:59  Gateway  
  103  11:00  Gateway  
  103  11:07  High Templar x3  
  103  11:08  High Templar  
  103  11:09  Adept x2  
  103  11:10  Archon x2  
  115  11:14  Assimilator  
  115  11:15  Assimilator  
  115  11:19  Probe  
  116  11:29  Probe  
  117  11:42  Photon Cannon  
  117  11:47  Pylon  
  117  11:49  Adept  
  117  11:50  Adept x5  
  129  12:00  Gateway x2  
  129  12:02  Robotics Bay  
  129  12:17  High Templar x3  
  129  12:18  Adept x4, High Templar  
  129  12:20  Archon  
  129  12:22  Archon  
  145  12:29  Protoss Ground Weapons Level 3 (Chrono Boost)  
  145  12:35  Pylon  
  145  12:42  Adept x4  
  149  12:57  Adept  
  149  12:58  Adept x3  
  141  13:00  Disruptor  
  141  13:03  Adept x4  
  152  13:25  Gravitic Drive  
  152  13:28  Nexus  
  152  13:29  Disruptor  
  152  13:35  Pylon  
  152  13:36  Dark Templar  
  157  13:43  Adept x4  
  165  13:50  Assimilator  
  165  13:53  Assimilator  
  165  14:00  Phoenix  
  159  14:28  Adept x3  
  159  14:29  Adept x3  
  166  14:38  Adept x3, Nexus  
  163  14:47  Adept  
  165  15:01  Warp Prism  
  165  15:05  High Templar x4  
  173  15:11  Archon x2  
  173  15:14  Probe  
  173  15:16  Probe x2, Assimilator  
  176  15:36  Adept x6  
  182  15:54  Observer  
  182  15:56  Adept x4  
  190  16:02  Probe, Robotics Bay  
  190  16:04  Probe x2  
  191  16:07  Dark Templar  
  194  16:22  Photon Cannon  
  194  16:25  Pylon, Photon Cannon  
  194  16:31  High Templar x2  
  193  16:34  Archon  
  187  16:52  Adept x2  
  187  16:53  Adept x2  
  170  17:03  Robotics Facility  
  170  17:04  Adept x9  
  170  17:08  Probe x2  
  186  17:09  Probe, Pylon  
  186  17:10  Probe  
  186  17:15  Observer  
  190  17:21  Observer Gravitic Boosters  
  188  17:25  High Templar x4  
  188  17:28  Archon  
  185  17:37  Disruptor  
  187  17:46  Adept x4  
  187  17:51  Probe  
  195  17:52  Mothership Core  
  195  17:53  Probe x2  
  195  17:58  Archon, Assimilator  
  193  18:18  Adept x3  
  195  18:30  Adept x4  
  195  18:31  Adept  
  195  18:33  Adept x2  
  129  18:42  Adept x3  
  121  18:55  Adept x3  
  113  18:56  Adept x3  
  113  19:01  Adept, Warp Prism  
  109  19:17  High Templar x4  
  109  19:21  Archon  
  109  19:22  Archon  
  117  19:24  Adept x3  
  117  19:25  Adept  
  105  19:45  Adept x2  
  105  19:46  Adept x3  
  103  19:56  Adept x4  
  103  19:57  Adept  
  113  20:06  Adept x2  
  91  20:18  Adept x3  
  81  20:26  Adept  
  69  20:38  Adept x2  
  73  20:52  Photon Cannon  
  73  20:54  Disruptor  
  76  21:04  Adept x3  
  82  21:22  Adept, High Templar x2  
  82  21:24  Archon  
  88  21:27  Adept x2  
  88  21:32  Adept x2  
  94  21:34  Adept  
  98  21:41  Adept x2  
  101  21:53  Adept  
  101  21:54  Adept x2  
  104  22:05  Adept x2  
  105  22:25  High Templar x2  
  105  22:26  Adept x2  
  105  22:29  Archon  
  113  22:36  Adept x3  
  119  22:44  Adept x2  
  123  22:55  Adept x2  
  117  23:12  High Templar x2  
  117  23:13  Adept  
  117  23:15  Archon  
  117  23:32  Adept x2  
  121  23:37  Dark Templar  
  103  23:47  Dark Templar  
  79  24:08  Dark Templar  
  73  24:13  Dark Templar  
  57  24:42  Adept  
  57  24:43  Adept x4  
  63  25:07  Adept x3  
  63  25:08  Adept x2  
  71  25:29  Adept x4  
  79  25:53  Adept x5  
  89  26:14  Adept x5  
  99  26:30  Disruptor  
  102  26:45  Nexus  
  102  26:55  Adept x3  
  108  27:04  Adept  
  110  27:24  Adept x4  
  110  27:29  Stalker  
  120  27:47  Adept x5  
  130  28:03  Adept x2  
  130  28:04  Adept x2  
Tags
 
Add a new tag
Caveats
  • Supply blocks, unpowered buildings, or Contaminate may cause inaccurate times.
  • Supply counts are checked every 10 seconds.